 Dungeon Crawl Stone Soup version 0.17.1-2-g5865329 (webtiles) character file.

332 Jerry the Ducker (level 6, -2/43 HPs)
             Began as an Octopode Fighter on Jan 22, 2016.
             Was a Follower of Dithmenos.
             Splashed with acid (15 damage)
             ... in the Ecumenical Temple.
             The game lasted 00:14:34 (3517 turns).

Jerry the Ducker (Octopode Fighter)                 Turns: 3517, Time: 00:14:34

Health: -2/43      AC:  7    Str: 16    XL:     6   Next: 52%
Magic:  6/6        EV: 12    Int: 10    God:    Dithmenos [*.....]
Gold:   137        SH:  9    Dex: 13    Spells: 0 memorised, 5 levels left

rFire  . . .     SeeInvis .     n - +0 rapier
rCold  . . .     Clarity  .     b - +0 shield
rNeg   . . .     SustAt   .     e - +1 hat
rPois  .         Gourm    .     (no amulet)
rElec  .         Spirit   .     j - ring of teleportation (curse)
rCorr  .         Warding  .     t - +5 ring of protection
rMut   .         Rnd*Tele +     (no ring)
MR     .....                    (no ring)
Stlth  ++++......               (no ring)
                                (no ring)
                                (no ring)
                                (no ring)

@: wreathed by umbra, not resistant to hostile enchantments, stealthy
A: almost no armour, amphibious, 8 rings, constrict 8, camouflage 1, gelatinous
body 1
a: Renounce Religion, Evoke Teleportation


You were in the Ecumenical Temple.
You worshipped Dithmenos.
Dithmenos was aware of your devotion.
You were very hungry.

You visited 2 branches of the dungeon, and saw 5 of its levels.

You collected 137 gold pieces.

Inventory:

Hand Weapons
 a - a +0 rapier
 n - a +0 rapier (weapon)
Armour
 b - a +0 shield (worn)
 e - a +1 hat (worn)
Jewellery
 j - a cursed ring of teleportation (left tentacle)
 t - a +5 ring of protection (right tentacle)
 u - an uncursed ring of protection from magic {unknown}
Wands
 l - a wand of frost (9)
Scrolls
 f - a scroll of amnesia {unknown}
 h - 2 scrolls of recharging {unknown}
 k - a scroll of teleportation {unknown}
 q - a scroll of identify {unknown}
 v - a scroll of enchant armour {unknown}
Potions
 c - 5 potions of might
 g - a potion of invisibility {unknown}
 m - 3 potions of flight {unknown}
 o - a potion of poison {unknown}
 r - 2 potions of curing {unknown}
 s - a potion of ambrosia {unknown}
Comestibles
 d - 2 bread rations
 i - a meat ration
 p - a slice of pizza
 w - 3 fruits


   Skills:
 + Level 4.0 Fighting
 + Level 2.9 Short Blades
 + Level 4.4 Dodging
 + Level 3.8 Stealth
 + Level 4.2 Shields


You had 5 spell levels left.
You didn't know any spells.

Dungeon Overview and Level Annotations

Branches:
Dungeon (4/15)             Temple (1/1) D:4

Altars:
Ashenzari
Cheibriados
Dithmenos
Elyvilon
Gozag
Kikubaaqudgha
Makhleb
Nemelex Xobeh
Okawaru
Xom
Jiyva


Innate Abilities, Weirdness & Mutations

You cannot wear most types of armour.
You are amphibious.
You can wear up to eight rings at the same time.
You can use your tentacles to constrict eight enemies at once.
Your skin changes colour to match your surroundings (Stealth).
Your rubbery body absorbs attacks (AC +1).


Message History

There is a staircase back to the Dungeon here.
Found a viscous altar of Jiyva.
Found a viscous altar of Jiyva and a white marble altar of Elyvilon.
Found a viscous altar of Jiyva.
There is a viscous altar of Jiyva here.
Found a burning altar of Makhleb and an ancient bone altar of Kikubaaqudgha.
Found a viscous altar of Jiyva.
Found a viscous altar of Jiyva and a shimmering altar of Xom.
Found an opulent altar of Gozag.
You are feeling very hungry.
Found a shattered altar of Ashenzari and an iron altar of Okawaru.
Found a viscous altar of Jiyva.
There is a viscous altar of Jiyva here.
Done exploring.
Done exploring.
The wall burns you! The walls burn you! The walls burn you! The walls burn you!
You die...

#########
##...#...######
##.............##
##......)<........
#......#...#......
###@..#####.######..
#....#######.#####..
##...###._##..##_.##.
##....##....#..#....##
#....##.....#.##.....#
##...#_....###.##...._
#...###.#_#.#..#.#_#.#
#....#######....######
##.....#...#....#...#.


There were no monsters in sight!

Vanquished Creatures
  A scorpion (D:4)
  A centaur skeleton (D:4)
  A hound (D:4)
  Natasha (thrice) (D:2)
  A worker ant (D:4)
  3 gnolls
  6 adders
  An adder skeleton (D:4)
  4 worms
  3 giant geckos
  2 orcs (D:3)
  A ball python (D:1)
  2 giant cockroaches
  6 goblins
  9 hobgoblins
  4 jackals (D:2)
  3 bats
  3 giant newts
  7 kobolds
  2 quokkas
  4 rats
67 creatures vanquished.

Notes
Turn   | Place    | Note
--------------------------------------------------------------
     0 | D:1      | Jerry the Octopode Fighter began the quest for the Orb.
     0 | D:1      | Reached XP level 1. HP: 16/16 MP: 1/1
    94 | D:1      | Reached skill level 1 in Stealth
   209 | D:1      | Reached XP level 2. HP: 14/21 MP: 2/2
   797 | D:2      | Reached XP level 3. HP: 22/26 MP: 3/3
   935 | D:2      | Found a shadowy altar of Dithmenos.
   955 | D:2      | Became a worshipper of Dithmenos the Shadowed
  1017 | D:2      | Noticed Natasha
  1022 | D:2      | Killed Natasha
  1022 | D:2      | Reached XP level 4. HP: 19/31 MP: 4/4
  1143 | D:2      | Noticed Natasha
  1148 | D:2      | Killed Natasha
  1441 | D:2      | Noticed Natasha
  1484 | D:2      | Killed Natasha
  1561 | D:2      | Found a snail-covered altar of Cheibriados.
  2205 | D:3      | Reached XP level 5. HP: 26/36 MP: 5/5
  2545 | D:3      | Found a sparkling altar of Nemelex Xobeh.
  2723 | D:3      | Reached skill level 4 in Dodging
  2973 | D:4      | Reached * piety under Dithmenos
  3010 | D:4      | Reached XP level 6. HP: 20/43 MP: 6/6
  3331 | D:4      | Found a staircase to the Ecumenical Temple.
  3339 | Temple   | Entered the Ecumenical Temple
  3517 | Temple   | Splashed with acid

Action                   |  1- 3 |  4- 6 || total
-------------------------+-------+-------++-------
Melee: Rapier            |    57 |   115 ||   172
 Stab: Sleeping          |     5 |     6 ||    11
  Eat: Chunk             |       |     7 ||     7
